Mandevil, lawful male human Knight ----- |...| #.^..| ----- ###|...-####0|...| # -.--- #|...| ### # #|....######### # # #---.- # # # ######0 ### # # # # # # ### ###----- # ### # #....| -----.----)----# # ### |...| |.$$$$$......=|s ### # #-...| -.j$$$$..%....-## ###########################----- |.$$$$$.q.Yf./| d #--|-.--------- |.$$$$%..EYMcT%M@%##@|.....<......| --------------- # |.......)....| 0##+............| -------------- Mandevil the Sergeant Experience level: 12 Strength: 18/28 Dexterity: 12 Constitution: 17 Intelligence: 11 Wisdom: 16 Charisma: 17 Health: 0(90) Energy: 90(90) AC: -4 Gold: 0 Moves: 23287 Your Inventory: Amulets I - an [uncursed] concave amulet [versus poison] K - an uncursed amulet called ESP [of ESP] (being worn) Weapons a - the blessed rustproof +1 Excalibur (weapon in hand) Armor f - a blessed +0 pair of leather gloves (being worn) g - an uncursed +0 faded pall [elven cloak] (being worn) x - an uncursed +0 elven mithril-coat (being worn) D - an uncursed greased +0 elven leather helm (being worn) M - a blessed +2 elven shield (being worn) O - an uncursed +0 pair of elven boots (being worn) Comestibles n - 4 uncursed tripe rations p - 2 uncursed slime molds L - an uncursed lizard corpse N - 2 uncursed carrots T - 7 uncursed food rations Rings b - an uncursed ring of free action (on right hand) c - an uncursed ring of teleport control o - an uncursed ring of polymorph control (on left hand) W - an uncursed ring of shock resistance Wands l - an [uncursed] wand of cold [0:4] q - an uncursed wand of magic missile [0:3] s - an [uncursed] ebony wand [of speed monster (0:3)] t - an [uncursed] wand called glass sleep|death [of sleep (0:0)] B - an [uncursed] wand of magic missile [0:0] J - an uncursed wand of slow monster [0:2] P - an uncursed wand of light [0:11] S - an uncursed wand of striking [0:4] Y - an uncursed wand of lightning [0:4] Tools h - an uncursed bag of holding j - an uncursed can of grease [0:8] k - an uncursed key [skeleton key] m - a blessed [magic] lamp called magic lamp (lit) w - an uncursed magic whistle y - an uncursed [+0] unicorn horn F - an uncursed key [skeleton key] G - 2 [uncursed wax] candles H - an uncursed sack R - an uncursed towel Gems V - an uncursed luckstone Contents of the bag of holding: 19349 gold pieces an uncursed rustproof [+2] katana of stealth an [uncursed +0] long sword named Giantslayer [Giantslayer] an uncursed [+0] Hawaiian shirt an uncursed thoroughly rotted [+0] Hawaiian shirt an uncursed rotted [+0] apron [alchemy smock] an uncursed +0 cloak of displacement a cursed [-2] elven leather helm [of aggravation] an uncursed +0 mummy wrapping an uncursed rusty [+0] pair of jungle boots [kicking] 9 uncursed apples 10 uncursed carrots an uncursed [stale] egg 8 uncursed food rations an uncursed lichen corpse 4 uncursed lumps of royal jelly 4 uncursed tripe rations a [cursed] scroll labeled THARR [of charging] an uncursed scroll of create monster 4 uncursed scrolls of enchant armor an uncursed scroll of flood a [cursed] scroll of identify an [uncursed] scroll of identify a cursed scroll of light 2 uncursed scrolls of remove curse 2 blessed scrolls of teleportation 3 uncursed scrolls of teleportation a [cursed] scroll of teleportation an [uncursed] decrepit spellbook [of wizard lock] an [uncursed] gray spellbook [of cure blindness] an [uncursed] plain spellbook [of blank paper] an [uncursed] clear potion [of water] an uncursed emerald potion [of levitation] an [uncursed] orange potion [of gain ability] an [uncursed] potion called fruit juice [of fruit juice] an [uncursed] potion of extra healing a [blessed] potion of full healing an [uncursed] potion of gain level an [uncursed] potion of sleeping a cursed -2 ring of increase damage an uncursed ring of poison resistance an uncursed ring of see invisible an uncursed ring of shock resistance an uncursed ring of warning an uncursed wand of create monster [0:13] an uncursed wand of digging [0:4] an uncursed wand of enlightenment [0:10] an uncursed wand of lightning [0:5] an uncursed wand of magic missile [0:7] an uncursed wand of magic missile [0:4] an uncursed wand of magic missile [0:8] an uncursed wand of magic missile [0:7] an uncursed wand of magic missile [0:0] a [blessed] wand of magic missile [0:7] an uncursed wand of make invisible [0:4] an uncursed wand of polymorph [0:2] an uncursed wand of polymorph [0:3] an [uncursed] wand of polymorph [0:8] an uncursed wand of probing [0:6] an uncursed wand of slow monster [0:7] an uncursed wand of striking [0:6] an uncursed wand of striking [0:5] an uncursed wand of striking [0:4] an uncursed wand of striking [0:8] an uncursed brass lantern an uncursed [tallow] candle 15 [uncursed wax] candles an uncursed drum [(of earthquake) (0:4)] an uncursed expensive camera [0:62] an uncursed [+0] pick-axe an uncursed [+0] unicorn horn 2 uncursed black gems [worthless glass] an uncursed blue gem [worthless glass] 2 uncursed green gems [emerald] an uncursed green gem [jade] 5 uncursed orange gems [worthless glass] 9 uncursed red gems [worthless glass] 2 uncursed red gems [ruby] 3 uncursed violet gems [worthless glass] an uncursed violet gem [amethyst] an uncursed white gem [diamond] 8 [uncursed] white gems [opal] an [uncursed] white gem [worthless glass] 11 uncursed yellow gems [worthless glass] 5 uncursed yellowish brown gems [worthless glass] Spells known in the end: Name Level Category Fail Memory a - invisibility 4 escape 100% [|||||...] Your skills at the end: Fighting Skills riding [Basic / Expert] body armor [Expert / Expert] Weapon Skills long sword [Expert / Expert] lance [Basic / Expert] Spellcasting Skills Final Attributes: You were piously aligned. Hunger level was 787. Your alignment was 126 / 126. Monster difficulty range was 3 - 15. Level difficulty was 19. You resisted fire. You resisted cold. You were immune to sleep. You resisted electricity. You resisted poison. You were immune to level-drain. You saw invisible. You were telepathic. You had automatic searching. You were invisible to others. You were stealthy. You could jump. You had polymorph control. You had free action. You were very lucky (6). You had extra luck. Bad luck did not time out for you. Good luck did not time out for you. You are dead. Vanquished creatures: a minotaur a disenchanter 2 vampire lords 5 shopkeepers an aligned priest 2 vampires a ghost a queen bee a mind flayer 2 giant mimics a zruty 2 fire giants an ogre king an umber hulk a baby long worm 2 long worms 2 stalkers a water elemental 4 hill giants a xorn 7 giant zombies 3 elf-lords 5 small mimics 2 rodents of unusual size 3 warhorses 3 xans 2 ettin mummies 2 ogre lords 2 quantum mechanics a troll a sasquatch 2 wood golems a giant turtle 3 gelatinous cubes 2 pyrolisks a large dog 3 freezing spheres 2 flaming spheres a shocking sphere 2 large cats 2 tigers 3 gargoyles 2 dwarf kings a tengu 2 ochre jellies a leocrotta an energy vortex a mountain centaur 3 elf mummies 2 human mummies a red naga 2 pythons a wraith 12 ettin zombies 4 leather golems 6 Grey-elves 4 watchmen 3 succubi a chameleon a crocodile 4 giant beetles 3 quivering blobs 2 cockatrices 8 wolves 6 winter wolf cubs a lynx 2 panthers a gremlin a spotted jelly 4 leprechauns an iron piercer 2 mumakil 7 giant spiders 2 scorpions 3 horses an ice vortex 4 black lights 3 vampire bats 3 forest centaurs 3 gnome kings 2 orc mummies 4 dwarf mummies 6 ogres 2 brown puddings 10 rust monsters 3 owlbears 3 yetis 2 werewolves 3 Green-elves 8 lizards a chickatrice a dog a dingo a jaguar 2 blue jellies a gray unicorn 3 black unicorns 3 dust vortices 3 ravens 4 plains centaurs 2 gnome mummies 5 snakes 9 apes 10 human zombies 3 rope golems 4 Woodland-elves 4 soldier ants 22 fire ants 13 snow ants a bugbear 2 imps a quasit 2 wood nymphs 3 water nymphs 12 Mordor orcs an orc shaman 4 rock piercers 3 enormous rats 4 rock moles a pony a fog cloud 5 yellow lights a shrieker 7 violet fungi 16 gnome lords 6 gnomish wizards 8 kobold mummies 3 red naga hatchlings a black naga hatchling a gray ooze 2 barrow wights a ghoul a straw golem 4 wax golems 3 baby crocodiles 10 giant ants a little dog 12 floating eyes 2 kittens 12 dwarves 3 homunculi a kobold lord a kobold shaman 3 hill orcs 24 rothes a rabid rat 2 centipedes 6 monkeys 8 orc zombies a dwarf zombie a wererat 2 werejackals 5 iguanas 26 killer bees 2 acid blobs 4 coyotes 2 gas spores 7 hobbits 2 hobgoblins 16 giant rats 8 cave spiders 2 brown molds a yellow mold 2 red molds 72 gnomes 7 gnome zombies 4 geckos 15 jackals 2 foxes 2 kobolds 2 goblins 11 sewer rats 8 grid bugs 6 bats 6 lichens 3 kobold zombies 7 newts 736 creatures vanquished. Voluntary challenges: You used a wielded weapon 918 times. You read items or engraved 7 times. You put on armor 34 times. You never genocided any monsters. You never polymorphed an object. You never changed form. You used no wishes. You never wrote Elbereth's name. You never encountered a bones level. You never used any Sokoban shortcuts. Dungeon overview: The Dungeons of Doom: levels 1 to 19 Level 1 a long staircase Level 3 a general store Level 4 a general store stairs to The Gnomish Mines Level 5 a tin shop, an altar to Lugh, some fountains Level 6 many fountains Level 8 a sink Level 9 many fountains Level 10 an altar, some fountains stairs to Sokoban Level 11 a fountain Level 12 an altar to Lugh stairs to Town Level 13 some fountains Level 14 a sink Level 15 some fountains Level 16 a magic portal Level 18 a fountain Level 19 <- You were here The Gnomish Mines: levels 5 to 12 Level 5 stairs to The Dungeons of Doom Level 8 many shops, a temple to Lugh, a magic chest, some fountains Level 12 some fountains Sokoban: levels 7 to 9 Level 9 a magic chest stairs to The Dungeons of Doom Town: Level 11 stairs to The Dungeons of Doom History has recorded: On T:1 you entered the Dungeons of Doom to retrieve the Amulet of Yendor! On T:412 you reached level 2 of The Dungeons of Doom. On T:666 you advanced to experience level 2. On T:771 you reached level 3 of The Dungeons of Doom. On T:827 you advanced to experience level 3. On T:1148 you reached level 4 of The Dungeons of Doom. On T:1400 you advanced to experience level 4. On T:1662 you reached level 1 of The Gnomish Mines. On T:2019 you reached level 5 of The Dungeons of Doom. On T:2966 you advanced to experience level 5. On T:3514 you advanced to experience level 6. On T:4470 you reached level 2 of The Gnomish Mines. On T:4476 you advanced to experience level 7. On T:4913 you reached level 3 of The Gnomish Mines. On T:5273 you advanced to experience level 8. On T:5545 you reached level 6 of The Dungeons of Doom. On T:5931 you reached level 7 of The Dungeons of Doom. On T:6127 you reached level 8 of The Dungeons of Doom. On T:6449 you reached level 9 of The Dungeons of Doom. On T:6702 you reached level 10 of The Dungeons of Doom. On T:6871 you reached level 3 of Sokoban. On T:7351 you reached level 2 of Sokoban. On T:7476 you advanced to experience level 9. On T:8215 you reached level 1 of Sokoban. On T:10198 you advanced to experience level 10. On T:11051 you received a rustproof katana of stealth from Lugh. On T:11619 you reached level 4 of The Gnomish Mines. On T:12302 you reached level 5 of The Gnomish Mines. On T:12539 you reached level 6 of The Gnomish Mines. On T:12910 you reached level 7 of The Gnomish Mines. On T:13503 you reached level 8 of The Gnomish Mines. On T:13596 you advanced to experience level 11. On T:15649 you received Fire Brand from Lugh. On T:15693 you advanced to experience level 12. On T:17397 you reached level 11 of The Dungeons of Doom. On T:17987 you reached level 12 of The Dungeons of Doom. On T:18406 you reached level 3 of Town. On T:18667 you reached level 13 of The Dungeons of Doom. On T:19800 you reached level 14 of The Dungeons of Doom. On T:20300 you reached level 15 of The Dungeons of Doom. On T:20828 you reached level 16 of The Dungeons of Doom. On T:20937 you reached level 17 of The Dungeons of Doom. On T:22408 you reached level 18 of The Dungeons of Doom. On T:22914 you reached level 19 of The Dungeons of Doom. Latest messages: The knife hits the orc zombie. [HP-8=38] [2 turns] You destroy the orc zombie! Shadowmane hits the ape. The ape misses Shadowmane. (3x) The troll picks up a potion of extra healing. The winter wolf bites! The giant mummy hits! The giant mummy misses. The giant mummy hits! The giant mummy misses. [HP-17=21] You have much trouble removing d - an uncursed potion of full healing. You rebalance your load. Movement is difficult. The troll zaps a wand of cold! The bolt of cold hits the giant mummy. The bolt of cold hits you! Your potion of full healing freezes and shatters! Your movements are only slowed slightly by your load. The winter wolf bites! You die... Final status: Fare thee well Mandevil the Knight... You died in The Dungeons of Doom on dungeon level 19 with 32067 points, and 19349 pieces of gold, after 23287 moves. You were level 12 with a maximum of 90 hit points when you died.